 Dungeon Crawl Stone Soup version 0.23-a0-417-gf02c810438 (webtiles) character file.

25275 Notair the Spear-Bearer (level 12, -7/115 HPs)
             Began as a Minotaur Gladiator on Nov 10, 2018.
             Was a High Priest of Okawaru.
             Mangled by Frances
             ... wielding a +1 battleaxe of freezing
              (24 damage)
             ... on level 12 of the Dungeon.
             The game lasted 00:54:00 (17081 turns).

Notair the Spear-Bearer (Minotaur Gladiator)       Turns: 17081, Time: 00:54:01

Health: -7/115     AC: 25    Str: 20    XL:     12   Next: 88%
Magic:  12/17      EV: 15    Int:  9    God:    Okawaru [*****.]
Gold:   263        SH: 12    Dex: 12    Spells: 11/11 levels left

rFire    . . .     SeeInvis .   a - +0 trident
rCold    . . .     Gourm    .   P - +3 warlock's mirror {reflect}
rNeg     + . .     Faith    .   K - +0 plate armour
rPois    .         Spirit   .   y - +2 hat
rElec    .         Reflect  +   U - +0 cloak
rCorr    .         Harm     .   e - +2 pair of gloves
MR       .....                  (no boots)
Stlth    ..........             M - +3 amulet of reflection
HPRegen  0.29/turn              X - +4 ring of evasion
MPRegen  0.15/turn              E - ring of positive energy

@: heroism, finesse
A: retaliatory headbutt, horns 2
a: Heroism, Finesse, Renounce Religion


You were on level 12 of the Dungeon.
You worshipped Okawaru.
Okawaru was extremely pleased with you.
You were very hungry.

You visited 2 branches of the dungeon, and saw 14 of its levels.
You also visited: Sewer and Ossuary.

You collected 824 gold pieces.
You spent 561 gold pieces at shops.

Inventory:

Hand Weapons
 a - a +0 trident (weapon)
 d - a +0 hunting sling
 L - a +0 blowgun
 R - the +3 glaive "Yphuiwk" {holy, rElec MR+}
   (Okawaru gifted it to you on level 10 of the Dungeon)

   It has been blessed by the Shining One to cause great damage to the undead
   and demons.
   It insulates you from electricity.
   It affects your resistance to hostile enchantments.
Missiles
 b - 18 curare-tipped needles
 i - 56 bolts
 j - 390 stones (quivered)
 r - 48 sling bullets
 H - 43 poisoned needles
 I - 6 needles of confusion
Armour
 e - a +2 pair of gloves (worn)
 y - a +2 hat (worn)
 D - a +0 chain mail
 F - the +4 skin of Zhor {rC+++}
   (You found it on level 5 of the Dungeon)

   It renders you almost immune to cold.
 K - a +0 plate armour (worn)
 P - the +3 warlock's mirror (worn) {reflect}
   (You bought it in a shop on level 10 of the Dungeon)
 U - a +0 cloak (worn)
Jewellery
 q - an uncursed ring of poison resistance
 E - a ring of positive energy (right hand)
 M - a +3 amulet of reflection (around neck)
 X - a +4 ring of evasion (left hand)
Wands
 c - a wand of digging (3)
 B - a wand of flame (35)
 N - a wand of acid (9)
 W - a wand of enslavement (8)
Scrolls
 h - 4 scrolls of fear
 m - 14 scrolls of remove curse
 n - 3 scrolls of fog
 o - 5 scrolls of amnesia
 t - 2 scrolls of immolation
 v - 8 scrolls of magic mapping
 w - 3 scrolls of enchant weapon {unknown}
 x - 3 scrolls of teleportation
 J - 3 scrolls of identify
Potions
 g - a potion of haste
 k - 3 potions of degeneration {unknown}
 l - a potion of magic {unknown}
 p - 3 potions of heal wounds
 s - 5 potions of curing
 u - 2 potions of ambrosia
 z - 3 potions of lignification
 A - 4 potions of brilliance
 C - 5 potions of agility
 G - 2 potions of might {unknown}
 O - a potion of mutation {unknown}
 T - a potion of cancellation {unknown}
Comestibles
 f - 20 rations


   Skills:
 + Level 13.4(18.4) Fighting
 - Level 14.0(19.0) Polearms
 - Level 2.0(7.0) Throwing
 + Level 13.0(18.0) Armour
 - Level 4.9(9.9) Dodging
 - Level 4.0(9.0) Shields
 - Level 8.0 Invocations


You had 11 spell levels left.
You didn't know any spells.
Your spell library contained the following spells:

 Spells                   Type           Power        Failure   Level  Hunger
 Animate Skeleton         Necr           N/A          98%         1    ##.....
 Apportation              Tloc           #.....       98%         1    ##.....
 Beastly Appendage        Tmut           #.....       98%         1    ##.....
 Confusing Touch          Hex            #.....       98%         1    ##.....
 Freeze                   Ice            #...         98%         1    ##.....
 Summon Small Mammal      Summ           #...         98%         1    ##.....
 Sticks to Snakes         Tmut           #.......     99%         2    ###....
 Throw Frost              Conj/Ice       #.....       99%         2    ###....
 Ozocubu's Armour         Chrm/Ice       #.......     100%        3    ####...
 Spider Form              Tmut/Pois      #.........   100%        3    ####...
 Ice Form                 Ice/Tmut       #.......     100%        4    #####..
 Leda's Liquefaction      Hex/Erth       #.........   100%        4    #####..
 Summon Ice Beast         Ice/Summ       #.......     100%        4    #####..
 Throw Icicle             Conj/Ice       #.......     100%        4    #####..
 Blade Hands              Tmut           #.........   100%        5    ######.
 Bolt of Magma            Conj/Fire/Erth #.........   100%        5    ######.
 Iron Shot                Conj/Erth      #.........   100%        6    #######
 Statue Form              Tmut/Erth      #........    100%        6    #######
 Shatter                  Erth           #.........   100%        9    #######


Dungeon Overview and Level Annotations

Branches:
Dungeon (13/15)            Temple (1/1) D:6            Lair (0/6) D:9
    Orc (0/2) D:12
 Vaults: D:13-14

Altars:
Ashenzari
Cheibriados
Dithmenos
Elyvilon
Fedhas
Gozag
Hepliaklqana
Kikubaaqudgha
Makhleb
Nemelex Xobeh
Okawaru
Qazlal
Ru
Sif Muna
Trog
Uskayaw
Vehumet
Wu Jian
Xom
Yredelemnul
Zin
The Shining One

Shops:
D:5 [   D:9 *   D:10 [   D:13 !

Annotations:
D:12 Frances


Innate Abilities, Weirdness & Mutations

You reflexively headbutt those who attack you in melee.
You have a pair of horns on your head.


Message History

The orc warrior hits you but does no damage.
You barely miss Frances.
Frances is severely wounded.
Frances chants phrases taken from a devil's mouth.
The iron shot hits you!
You hit Frances but do no damage. You headbutt Frances.
Frances is severely wounded.
The orc warrior hits you with a +0 flail!
You puncture Frances!
Frances is severely wounded.
Frances hits you with a +1 battleaxe of freezing!
* * * LOW HITPOINT WARNING * * *
Frances freezes you.
* * * LOW HITPOINT WARNING * * *
You hit Frances but do no damage.
Frances is severely wounded.
You block Frances's attack. You block the orc warrior's attack.
You can now deal lightning-fast blows.
Frances hits you with a +1 battleaxe of freezing!!
You die...

#.####...........#.# #
#.# #..########.#.# # #.#
#..##########.## # #.#
#..#....[......# #
####.####..#.###########
# #..........#.# #
#.##.#####.#.#
#########.#....#@#.#.#
.).............o@#.#.#
#########..).#.#.#.#.#
#.#....#...#.#
#.#.[###.###.####
#..<............#
############.###.###.##.#
..................[..##.#
.........###..##.######.#
.........# ##.##.# #.#


You could see Frances and an orc warrior.

Vanquished Creatures
  Nessos (D:13)
  A hydra (D:12)
  Erica (D:9)
  A centaur warrior (D:13)
  2 two-headed ogres
  5 death yaks
  An unseen horror (D:12)
  6 ugly things
  2 cyclopes
  Maurice (D:12)
  4 trolls
  Grinder (D:4)
  A hippogriff (D:9)
  Sigmund (D:3)
  2 wraiths
  2 wyverns
  A human (D:8)
  15 yaks
  4 hogs (D:8)
  Grum (D:8)
  2 wargs
  An acid dragon (D:12)
  3 water moccasins
  8 orc warriors
  2 black bears (D:8)
  5 ice beasts
  A phantom (D:6)
  A sky beast (D:6)
  An eye of draining (D:13)
  4 ogres
  4 wolves (D:8)
  3 centaurs (D:13)
  3 crocodiles
  5 big kobolds
  4 elf zombies (Ossuary)
  10 bullfrogs
  A wyvern skeleton (D:13)
  3 scorpions
  12 killer bees
  4 wights (D:12)
  4 electric eels
  2 crimson imps
  2 bullfrog zombies
  8 centaur zombies
  3 human zombies (Ossuary)
  7 hounds
  15 orc wizards
  7 orc priests
  4 jellies
  3 centaur skeletons
  4 bullfrog skeletons
  Terence (D:3)
  2 iguanas
  9 worker ants
  2 hound zombies
  A hound skeleton (D:4)
  3 mummies (Ossuary)
  4 gnolls
  2 worker ant zombies
  18 adders
  2 river rats (Sewer)
  A shadow imp (D:13)
  4 oozes
  An adder zombie (D:6)
  An adder skeleton (D:9)
  4 worms
  A dart slug (D:1)
  2 leopard geckos
  55 orcs
  3 giant cockroaches
  7 goblins
  4 hobgoblins
  11 jackals
  A quokka (D:5)
  8 ball pythons
  5 bats
  9 frilled lizards
  27 kobolds
  29 rats
406 creatures vanquished.

Vanquished Creatures (others)
  A centaur (D:12)
  An orc (D:11)
  A quokka (D:3)
3 creatures vanquished.

Grand Total: 409 creatures vanquished

Notes
Turn   | Place    | Note
-------+----------+-------------------------------------------
     0 | D:1      | Notair the Minotaur Gladiator began the quest for the Orb.
     0 | D:1      | Reached XP level 1. HP: 18/18 MP: 0/0
    40 | D:1      | Reached skill level 4 in Polearms
    58 | D:1      | Reached XP level 2. HP: 22/25 MP: 1/1
   800 | D:2      | Reached XP level 3. HP: 31/31 MP: 2/2
  1017 | D:2      | Reached skill level 5 in Polearms
  1036 | D:2      | Reached skill level 1 in Armour
  1168 | D:2      | Reached XP level 4. HP: 30/38 MP: 3/3
  1452 | D:3      | Found a white marble altar of Elyvilon.
  1651 | D:3      | Noticed Sigmund
  1655 | D:3      | Noticed Terence
  1669 | D:3      | Killed Terence
  1864 | D:3      | Killed Sigmund
  1864 | D:3      | Reached skill level 6 in Polearms
  1864 | D:3      | Reached XP level 5. HP: 47/47 MP: 4/4
  1987 | D:3      | Found a faded altar of an unknown god.
  2195 | D:3      | Found a radiant altar of Vehumet.
  2547 | D:4      | Reached XP level 6. HP: 50/53 MP: 5/5
  2609 | D:4      | Found a sand-covered staircase.
  2620 | Ossuary  | Entered an ossuary
  2743 | Ossuary  | Reached skill level 7 in Polearms
  2755 | Ossuary  | Reached skill level 5 in Fighting
  2856 | Ossuary  | Reached XP level 7. HP: 61/61 MP: 6/6
  2935 | Ossuary  | Reached skill level 8 in Polearms
  3500 | D:4      | Found a snail-covered altar of Cheibriados.
  3836 | D:4      | Noticed Grinder
  3849 | D:4      | Paralysed by Grinder for 7 turns
  3857 | D:4      | Killed Grinder
  3857 | D:4      | Reached skill level 9 in Polearms
  3857 | D:4      | Reached skill level 5 in Armour
  3857 | D:4      | Reached XP level 8. HP: 62/70 MP: 7/7
  3995 | D:5      | Entered Level 5 of the Dungeon
  4027 | D:5      | Found a glowing drain.
  4044 | Sewer    | Entered a sewer
  4576 | D:5      | Reached skill level 10 in Polearms
  4596 | D:5      | Found the +4 skin of Zhor {rC+++}
  4739 | D:5      | Found Roejy's Antique Armour Shoppe.
  5001 | D:6      | Found a staircase to the Ecumenical Temple.
  5032 | Temple   | Entered the Ecumenical Temple
  5139 | Temple   | Became a worshipper of Warmaster Okawaru
  5394 | D:6      | Found an opulent altar of Gozag.
  5444 | D:6      | Reached XP level 9. HP: 79/79 MP: 8/8
  6127 | D:6      | Reached * piety under Okawaru
  6127 | D:6      | Reached skill level 11 in Polearms
  7259 | D:7      | Reached skill level 12 in Polearms
  7400 | D:6      | Reached ** piety under Okawaru
  7944 | D:8      | Reached XP level 10. HP: 64/91 MP: 9/9
  8119 | D:8      | Found a glowing golden altar of the Shining One.
  8246 | D:8      | Noticed Grum
  8259 | D:8      | Killed Grum
  8265 | D:8      | Reached *** piety under Okawaru
  8282 | D:8      | Reached skill level 13 in Polearms
  8834 | D:9      | Found Leleh's Assorted Antiques.
  8837 | D:9      | Bought a potion of curing for 51 gold pieces
  8837 | D:9      | Bought a metallic green potion for 15 gold pieces
  8837 | D:9      | Bought a white potion for 15 gold pieces
  8900 | D:9      | Noticed Erica
  9002 | D:9      | Killed Erica
  9002 | D:9      | Reached **** piety under Okawaru
  9002 | D:9      | Received a gift from Okawaru
  9002 | D:9      | Reached skill level 10 in Fighting
  9121 | D:9      | Found a deep blue altar of Sif Muna.
  9365 | D:9      | Noticed a death yak
  9365 | D:9      | Noticed a death yak
  9381 | D:9      | Killed a death yak
  9381 | D:9      | Reached skill level 14 in Polearms
  9407 | D:9      | Noticed a death yak
  9420 | D:9      | Killed a death yak
  9420 | D:9      | Reached skill level 10 in Armour
  9420 | D:9      | Reached XP level 11. HP: 34/101 MP: 7/10
  9425 | D:9      | Noticed a death yak
  9425 | D:9      | Noticed a death yak
  9885 | D:9      | Found a hazy altar of Hepliaklqana.
  9996 | D:9      | Killed a death yak
  9996 | D:9      | Reached ***** piety under Okawaru
  9996 | D:9      | Reached skill level 1 in Invocations
 10079 | D:8      | Killed a death yak
 10366 | D:8      | Killed a death yak
 10604 | D:9      | Found a staircase to the Lair.
 10786 | D:9      | Found a staircase to the Lair.
 11028 | D:9      | Found a deep blue altar of Sif Muna.
 11169 | D:9      | Found a hazy altar of Hepliaklqana.
 11403 | D:9      | Found Leleh's Assorted Antiques.
 11441 | D:10     | Entered Level 10 of the Dungeon
 11442 | D:10     | Noticed a two-headed ogre
 11458 | D:10     | Killed a two-headed ogre
 11959 | D:10     | Found Mock's Armour Shop.
 12029 | D:10     | Received a gift from Okawaru
 12332 | D:10     | Bought the +3 warlock's mirror {reflect} for 480 gold
                  | pieces
 12332 | D:10     | Found the +3 warlock's mirror {reflect}
 12461 | D:11     | Found a shimmering altar of Xom.
 12531 | D:11     | Reached skill level 1 in Shields
 12604 | D:10     | Reached skill level 5 in Invocations
 12608 | D:10     | Received a gift from Okawaru
 12615 | D:10     | Identified the +3 glaive "Yphuiwk" {holy, rElec MR+}
                  | (Okawaru gifted it to you on level 10 of the Dungeon)
 12694 | D:11     | Found a deep blue altar of Sif Muna.
 12767 | D:11     | Noticed a white ugly thing
 13096 | D:11     | Killed a white ugly thing
 13406 | D:12     | Noticed an eight-headed hydra
 13592 | D:12     | Noticed Maurice
 13612 | D:12     | Killed Maurice
 13641 | D:12     | Reached XP level 12. HP: 71/111 MP: 15/15
 13879 | D:11     | HP: 5/112 [poisoned by a green ugly thing]
 13885 | D:11     | HP: 4/112 [poisoned by a green ugly thing]
 13890 | D:11     | HP: 3/112 [poisoned by a green ugly thing]
 13898 | D:11     | HP: 4/112 [poisoned by a green ugly thing]
 14411 | D:12     | Noticed a two-headed ogre
 14419 | D:12     | Killed a two-headed ogre
 14642 | D:12     | Killed an eight-headed hydra
 14642 | D:12     | Received a gift from Okawaru
 14908 | D:12     | Found a staircase to the Orcish Mines.
 15681 | D:13     | Found Geirenex's Distillery.
 15997 | D:13     | Noticed Nessos
 16043 | D:13     | Killed Nessos
 16409 | D:13     | Noticed a centaur warrior
 16413 | D:13     | Noticed an ogre mage
 16426 | D:13     | Noticed a five-headed hydra
 16433 | D:13     | Killed a centaur warrior
 16438 | D:13     | HP: 1/115 [meliai/divine providence[a boggart] (13)]
 16923 | D:13     | Noticed Frances
 17081 | D:12     | Mangled by Frances

Vault maps used:
D:1:      dpeg_arrival_lava_altar, minmay_pentomino_o4
D:3:      old_standard_altar, fiery_altar_vehumet,
          chequers_ecumenical_altar_twisty, eino_tiny_chamber, glass_columns_c,
          uniq_terence, uniq_sigmund
D:4:      lemuel_crystal_altar, lightli_ossuary_entry_decrepit_ruins,
          uniq_grinder
D:5:      first_ration, cheibrodos_sewer_entry_drain, serial_shops,
          nicolae_shop_crystal
D:6:      old_standard_altar, minmay_temple_entry_large_hall,
          nicolae_lava_and_water, minmay_misc_feat_pillars
D:8:      grunt_livestock, nicolae_tso_carved_into_rock, uniq_grum
D:9:      overflow_temple_1_default, nicolae_overflow_hidden_temple,
          dpeg_lair_monsters, serial_shops, kennysheep_mini, uniq_erica
D:10:     serial_shops, shop
D:11:     basic_altar, lemuel_blue_sif_altar
D:12:     erik_orc_4, uniq_maurice
D:13:     hangedman_vaults_entry_quadrant_bands, serial_shops,
          nicolae_shop_stone, uniq_nessos, uniq_frances, uniq_rupert
Temple:   regret_index_temple_sphere_string
Sewer:    sewer_minmay_w
Ossuary:  ossuary_minmay_four_chambers

Skill      XL: |  1  2  3  4  5  6  7  8  9 10 11 12 |
---------------+-------------------------------------+-----
Polearms       | 4 5 6 7 9 10 12 14 | 14.0
Fighting       | 3 4 5 6 7 9 10 11 13 | 13.4
Armour         | 1 2 3 5 6 8 10 11 13 | 13.0
Invocations    | 6 8 |  8.0
Dodging        | 4 |  4.9
Shields        | 3 4 |  4.0
Throwing       | |  2.0

Action                   |  1- 3 |  4- 6 |  7- 9 | 10-12 || total
-------------------------+-------+-------+-------+-------++-------
Melee: Trident           |    81 |    97 |   540 |  1068 ||  1786
       Headbutt          |     9 |    15 |    94 |   224 ||   342
       Punch             |       |       |       |     1 ||     1
 Fire: Hunting sling     |       |       |    34 |    54 ||    88
Throw: Throwing net      |       |     1 |     2 |     3 ||     6
       Stone             |       |     1 |       |       ||     1
Invok: Heroism           |       |       |       |    14 ||    14
       Finesse           |       |       |       |     1 ||     1
Evoke: Wand              |       |       |     1 |     6 ||     7
  Use: Scroll            |     1 |     7 |     6 |     5 ||    19
       Potion            |       |       |       |     6 ||     6
 Stab: Held in net/web   |       |       |     2 |       ||     2
       Distracted        |       |       |       |     1 ||     1
  Eat: Ration            |       |     2 |     1 |     3 ||     6
       Chunk             |       |     1 |    11 |    19 ||    31
Armor: Leather armour    |     7 |       |       |       ||     7
       Ring mail         |     9 |     9 |       |       ||    18
       Skin              |       |    11 |       |       ||    11
       Scale mail        |       |     3 |    26 |       ||    29
       Chain mail        |       |       |   121 |       ||   121
       Plate armour      |       |       |    58 |   310 ||   368
Dodge: Dodged            |    28 |    29 |   184 |   238 ||   479
Block: Other             |       |       |       |    13 ||    13
       Buckler           |       |       |       |   212 ||   212
       Reflection        |       |       |       |    25 ||    25

Table legend:
 A = Non-vault XP
 B = Vault XP
 C = Vault XP percentage of total XP
 D = Non-vault monster count
 E = Vault monster count
 F = Vault count percentage of total count
                 A         B        C        D         E       F
            +---------+---------+-------+---------+---------+-------
      Total |   23541 |   12567 |  34.8 |     294 |     114 |  27.9
            +---------+---------+-------+---------+---------+-------
        D:1 |      28 |       9 |  24.3 |      12 |       3 |  20.0
        D:2 |      61 |       0 |   0.0 |      19 |       0 |   0.0
        D:3 |      13 |     259 |  95.2 |       6 |       2 |  25.0
        D:4 |     230 |     272 |  54.2 |      15 |       1 |   6.2
        D:5 |     259 |      11 |   4.1 |       8 |       3 |  27.3
        D:6 |    1389 |       0 |   0.0 |      24 |       0 |   0.0
        D:7 |    1250 |       0 |   0.0 |      34 |       0 |   0.0
        D:8 |    1859 |    3576 |  65.8 |      42 |      13 |  23.6
        D:9 |     871 |    3515 |  80.1 |      15 |       4 |  21.1
       D:10 |    3382 |       0 |   0.0 |      30 |       0 |   0.0
       D:11 |    2963 |     166 |   5.3 |      29 |       1 |   3.3
       D:12 |    7252 |     891 |  10.9 |      36 |      17 |  32.1
       D:13 |    3984 |    2746 |  40.8 |      24 |       7 |  22.6
      Sewer |       0 |     335 | 100.0 |       0 |      48 | 100.0
    Ossuary |       0 |     787 | 100.0 |       0 |      15 | 100.0
            +---------+---------+-------+---------+---------+-------
